Workbook

Sheet Daily Cash Tracker
A1: Date | B1: Description | C1: Category | D1: Cash Inflow | E1: Cash Outflow | F1: Opening Balance | G1: Closing Balance
F2: Enter opening balance | G2: =F2+D2-E2
F3: =G2 | G3: =F3+D3-E3
F4: =G3 | G4: =F4+D4-E4
F5: =G4 | G5: =F5+D5-E5
F6: =G5 | G6: =F6+D6-E6
F7: =G6 | G7: =F7+D7-E7
F8: =G7 | G8: =F8+D8-E8
F9: =G8 | G9: =F9+D9-E9
F10: =G9 | G10: =F10+D10-E10
F11: =G10 | G11: =F11+D11-E11
F12: =G11 | G12: =F12+D12-E12
F13: =G12 | G13: =F13+D13-E13
F14: =G13 | G14: =F14+D14-E14
... F201: =G200 | G201: =F201+D201-E201

Sheet Expense Categories
A1: Category | B1: Total Outflow
A2: Rent | B2: =SUMIF('Daily Cash Tracker'!C:C,"Rent",'Daily Cash Tracker'!E:E)
A3: Utilities | B3: =SUMIF('Daily Cash Tracker'!C:C,"Utilities",'Daily Cash Tracker'!E:E)
A4: Supplies | B4: =SUMIF('Daily Cash Tracker'!C:C,"Supplies",'Daily Cash Tracker'!E:E)
A5: Marketing | B5: =SUMIF('Daily Cash Tracker'!C:C,"Marketing",'Daily Cash Tracker'!E:E)
A6: Travel | B6: =SUMIF('Daily Cash Tracker'!C:C,"Travel",'Daily Cash Tracker'!E:E)
A7: Salary | B7: =SUMIF('Daily Cash Tracker'!C:C,"Salary",'Daily Cash Tracker'!E:E)
A8: Misc | B8: =SUMIF('Daily Cash Tracker'!C:C,"Misc",'Daily Cash Tracker'!E:E)

Sheet Monthly Report
A1: Month | B1: Total Inflow | C1: Total Outflow | D1: Net Cash Flow
A2: January | D2: =B2-C2
A3: February | D3: =B3-C3
A4: March | D4: =B4-C4
A5: April | D5: =B5-C5
A6: May | D6: =B6-C6
A7: June | D7: =B7-C7
A8: July | D8: =B8-C8
A9: August | D9: =B9-C9
A10: September | D10: =B10-C10
A11: October | D11: =B11-C11
A12: November | D12: =B12-C12
A13: December | D13: =B13-C13

Sheet Cash Forecast
A1: Month | B1: Projected Inflow | C1: Projected Outflow | D1: Projected Balance
A2: January | D2: =B2-C2
A3: February | D3: =B3-C3
A4: March | D4: =B4-C4
A5: April | D5: =B5-C5
A6: May | D6: =B6-C6
A7: June | D7: =B7-C7
A8: July | D8: =B8-C8
A9: August | D9: =B9-C9
A10: September | D10: =B10-C10
A11: October | D11: =B11-C11
A12: November | D12: =B12-C12
A13: December | D13: =B13-C13

Sheet Dashboard
A1: Business Cash Flow Dashboard
A3: Total Cash Inflow | B3: =SUM('Daily Cash Tracker'!D2:D200)
A4: Total Cash Outflow | B4: =SUM('Daily Cash Tracker'!E2:E200)
A5: Current Cash Balance | B5: ='Daily Cash Tracker'!G200
